 Dungeon Crawl Stone Soup version 0.28-a0-476-g0f06bd746f (webtiles) character file.

Game seed: 7707852600035585930

97 robertstho the Covered (level 4, -5/29 HPs)
             Began as a Gargoyle Fighter on Sept 16, 2021.
             Slain by an iguana (11 damage)
             ... on level 5 of the Dungeon.
             The game lasted 00:02:13 (1819 turns).

robertstho the Covered (Gargoyle Fighter)           Turns: 1819, Time: 00:02:14

Health: -5/29      AC: 10    Str: 20    XL:     4   Next: 68%
Magic:  4/4        EV:  9    Int:  9    God:
Gold:   56         SH:  4    Dex:  9    Spells: 3/3 levels left

rFire   . . .      SeeInvis .   a - +0 flail
rCold   . . .      Faith    .   c - +0 buckler
rNeg    + . .      Spirit   .   b - +0 scale mail
rPois   ∞          Reflect  .   (no helmet)
rElec   +          Harm     .   (no cloak)
rCorr   .          Rampage  .   (no gloves)
Will    .....                   (no boots)
Stlth   ..........              (no amulet)
HPRegen 0.09/turn               (no ring)
MPRegen 0.09/turn               (no ring)

@: mighty, attractive
A: sickness immunity, AC +3, negative energy resistance 1, electricity
resistance, torment resistance 1, petrification resistance
a: no special abilities


You were on level 5 of the Dungeon.
You visited 1 branch of the dungeon, and saw 4 of its levels.

You collected 56 gold pieces.

Inventory:

Hand Weapons
 a - a +0 flail (weapon)
Armour
 b - a +0 scale mail (worn)
 c - a +0 buckler (worn)
Scrolls
 k - a scroll of fog
Potions
 e - a potion of invisibility {unknown}
 f - a potion of magic
 h - a potion of attraction
 i - a potion of berserk rage {unknown}
 j - a potion of resistance {unknown}


   Skills:
 * Level 4.0 Fighting
 + Level 3.0 Maces & Flails
 * Level 4.2 Armour
 + Level 0.2 Dodging
 + Level 0.1 Stealth
 + Level 3.6 Shields


You had 3 spell levels left.
You didn't know any spells.
Your spell library was empty.

Dungeon Overview and Level Annotations

Branches:
Dungeon (3/15)

Altars:


Innate Abilities, Weirdness & Mutations

You are immune to sickness and miasma.
Your stone body is resilient. (AC +3)
You are immune to poison.
You resist negative energy. (rN+)
You are resistant to electric shocks. (rElec)
You are resistant to unholy torment.
You are immune to petrification.


Message History

A hound skeleton comes into view.
The water moccasin skeleton bites you but does no damage.
The iguana closely misses you. The iguana barely misses you.
The adder completely misses you. The centaur barely misses you.
The centaur kicks you but does no damage.
The hound skeleton is attracted toward you.
You closely miss the adder.
The adder is almost dead.
The water moccasin skeleton bites you but does no damage.
The centaur barely misses you.
The centaur kicks you but does no damage.
A sky beast comes into view.
The iguana barely misses you. The adder completely misses you.
The iguana bites you but does no damage.
The water moccasin skeleton barely misses you.
The centaur closely misses you.
The centaur kicks you but does no damage.
The adder bites you. The iguana bites you!
The sky beast is attracted toward you.
You sock the adder!
You kill the adder!
The iguana barely misses you. You block the centaur's attack.
The centaur barely misses you. The water moccasin skeleton misses you.
The iguana bites you.
* * * LOW HITPOINT WARNING * * *
The sky beast flickers out of sight!
Deactivating autopickup; reactivate with Ctrl-A.
You block the quokka's attack. The iguana barely misses you.
You closely miss the quokka.
The centaur hits you but does no damage.
The centaur barely misses you.
The water moccasin skeleton bites you but does no damage.
A jackal comes into view.
The centaur hits you but does no damage.
The centaur kicks you but does no damage.
The iguana barely misses you.
The water moccasin skeleton closely misses you.
The quokka bites you but does no damage.
The iguana bites you!
You die...

#....h.. #......
#......
#####.....
.........#
...:.....#
......clZ#
.....Zl@.#
########r#######
#..§.S..#
####...... .....
.... ... .. .


You could see a centaur, 2 iguanas, a quokka, a jackal (wandering), a water
moccasin skeleton and a hound skeleton.

Vanquished Creatures
  An orc priest (D:3)
  An adder (D:5)
  2 worms
  4 orcs (D:3)
  4 bats
  4 endoplasms
  A giant cockroach (D:1)
  7 goblins
  3 hobgoblins
  4 jackals (D:2)
  A quokka (D:2)
  2 ball pythons (D:2)
  3 frilled lizards
  6 kobolds
  7 rats
50 creatures vanquished.

Notes
Turn   | Place    | Note
-------+----------+-------------------------------------------
     0 | D:1      | robertstho the Gargoyle Fighter began the quest for the
                  | Orb.
     0 | D:1      | Reached XP level 1. HP: 14/14 MP: 1/1
   189 | D:1      | Reached XP level 2. HP: 19/19 MP: 2/2
   988 | D:2      | Reached XP level 3. HP: 24/24 MP: 3/3
  1518 | D:3      | Reached XP level 4. HP: 20/29 MP: 4/4
  1805 | D:3      | You fall into a shaft and drop 2 floors!
  1805 | D:5      | Entered Level 5 of the Dungeon
  1805 | D:5      | Noticed a centaur
  1817 | D:5      | Noticed a sky beast
  1819 | D:5      | Slain by an iguana

Illustrated notes

Levels and vault maps discovered:
D:1:      onia_arrival_handbag, layout_basic
D:2:      layout_rooms, hangedman_feature_mirror, minivault_27
D:3:      layout_loops_corners, lemuel_doored_altar, uniq_robin
D:5:      layout_basic, nicolae_shop_clearance

Skill      XL: |  1  2  3  4 |
---------------+-------------+-----
Fighting       | 4 |  4.0
Armour         | 4 |  4.2
Maces & Flails | 3 |  3.0
Dodging        | |  0.2
Stealth        | |  0.1
Shields        | |  3.6

Action                   |  1- 3 |  4- 6 || total
-------------------------+-------+-------++-------
Melee: Flail             |   108 |    29 ||   137
  Use: Scroll            |     3 |     1 ||     4
       Potion            |       |     5 ||     5
Armor: Scale mail        |    68 |    44 ||   112
Dodge: Dodged            |    66 |    35 ||   101
Block: Buckler           |    21 |    16 ||    37

Table legend: (Time is in decaauts)
 A = Elapsed time spent in this place.
 B = Non-inter-level travel time spent in this place.
 C = Inter-level travel time spent in this place.
 D = Time resting spent in this place.
 E = Time spent auto-exploring this place.
 F = Levels seen in this place.
 G = Mean time per level.
                   A        B        C        D        E       F      G
               +--------+--------+--------+--------+--------+-----+--------+
         Total |   1857 |   1772 |     85 |      0 |   1445 |   4 |  464.2 |
       Dungeon |   1857 |   1772 |     85 |      0 |   1445 |   4 |  464.2 |
               +--------+--------+--------+--------+--------+-----+--------+

Top non-repeatable levels by time:
     D:1: 867 daAuts
     D:2: 590 daAuts
     D:3: 384 daAuts
     D:5: 15 daAuts
